 Dungeon Crawl Stone Soup version 0.30.1-6-gbe392663c4 (webtiles) character file.

Game seed: 15020494727273255165

221 NullDivider the Stinger (level 5, -1/31 HPs)
             Began as an Octopode Venom Mage on Sept 20, 2023.
             Slain by a gnoll bouda
             ... wielding a +0 whip
              (5 damage)
             ... on level 4 of the Dungeon.
             The game lasted 00:19:49 (3205 turns).

NullDivider the Stinger (Octopode Venom Mage)       Turns: 3205, Time: 00:19:50

Health: -1/31      AC:  5    Str:  7    XL:     5   Next: 98%
Magic:  0/9        EV: 14    Int: 18    God:
Gold:   207        SH:  0    Dex: 14    Spells: 1/10 levels left

rFire   . . .        e - +2 dagger (vamp)
rCold   . . .        (no shield)
rNeg    . . .        (helmet restricted)
rPois   .            q - amulet of guardian spirit
rElec   .            m - +4 ring of protection
rCorr   .            (no ring)
SInv    .            (no ring)
Will    .....        (no ring)
Stlth   ++++         (no ring)
HPRegen 0.25/turn    (no ring)
MPRegen 0.11/turn    (no ring)
                     (no ring)

%: guardian spirit
@: weakened
A: almost no armour, amphibious, 8 rings, camouflage 1, gelatinous body 1,
(nimble swimmer 1), tentacles
a: no special abilities


You were on level 4 of the Dungeon.
You visited 1 branch of the dungeon, and saw 4 of its levels.

You collected 207 gold pieces.

Inventory:

Hand Weapons
 e - a +2 vampiric dagger (weapon)
Jewellery
 m - a +4 ring of protection (left tentacle)
 q - an amulet of guardian spirit (around mantle)
Wands
 t - a wand of mindburst (14)
Scrolls
 b - 2 scrolls of identify
 f - a scroll of amnesia {unknown}
 g - a scroll of teleportation {unknown}
 i - 2 scrolls of silence {unknown}
 k - 2 scrolls of blinking {unknown}
 l - a scroll of poison {unknown}
 n - a scroll of enchant weapon {unknown}
 p - a scroll of enchant armour {unknown}
 r - a scroll of noise {unknown}
 s - a scroll of torment {unknown}
Potions
 a - 5 potions of magic
 c - a potion of might {unknown}
 d - 2 potions of mutation
 h - 5 potions of curing
 j - a potion of attraction {unknown}
 o - a potion of brilliance {unknown}


   Skills:
 + Level 2.1 Short Blades
 + Level 3.1 Dodging
 + Level 4.4 Stealth
 + Level 3.0 Spellcasting
 - Level 1.0 Transmutations
 + Level 0.3 Air Magic
 + Level 4.7 Poison Magic


You had one spell level left.
You knew the following spells:

 Your Spells              Type           Power      Damage    Failure   Level
a - Sting                 Tmut/Pois      52%        1d5       4%          1
b - Poisonous Vapours     Pois/Air       22%        N/A       9%          2
c - Mephitic Cloud        Conj/Pois/Air  8%         N/A       24%         3
d - Swiftness             Air            3%         N/A       41%         3

Your spell library contained the following spells:

 Spells                   Type           Power      Damage    Failure   Level
 Shock                    Conj/Air       12%        1d3       16%         1
 Olgreb's Toxic Radiance  Pois           19%        N/A       22%         4
 Dazzling Flash           Conj/Hex       4%         N/A       43%         3
 Airstrike                Air            1%         2d(1-17)  82%         4
 Agony                    Necr           2%         N/A       99%         5
 Silence                  Hex/Air        1%         N/A       99%         5


Dungeon Overview and Level Annotations

Branches:
Dungeon (4/15)
 Temple: D:4-7

Altars:
Vehumet
Xom


Innate Abilities, Weirdness & Mutations

You cannot wear most types of armour.
You are amphibious.
You can wear up to eight rings at the same time.
Your skin changes colour to match your surroundings (Stealth+).
Your rubbery body absorbs attacks. (AC +1, EV +1)
((You are camouflaged when in or above water. (Stealth+)))
You have tentacles for arms and can constrict up to eight enemies at once.


Message History

The gnoll barely misses you.
You hit the gnoll.
You feel better.
The gnoll is severely wounded.
You constrict the gnoll.
The gnoll bouda prays to its god.
The gnoll bouda is healed somewhat.
The hobgoblin closely misses you. The gnoll barely misses you.
You hit the gnoll.
You kill the gnoll!
The hobgoblin hits you but does no damage.
Your Spellcasting skill increases to level 3!
You closely miss the gnoll bouda. You grab the gnoll bouda.
The gnoll bouda is heavily wounded.
Your attacks no longer feel as feeble.
You constrict the gnoll bouda. The gnoll bouda barely misses you.
The hobgoblin hits you but does no damage.
You hit the gnoll bouda.
You feel better.
The gnoll bouda is severely wounded.
You constrict the gnoll bouda, but do no damage.
The gnoll bouda looks more healthy.
The hobgoblin misses you.
The gnoll bouda hits you with a +0 whip.
You hit the gnoll bouda.
The gnoll bouda is almost dead.
You constrict the gnoll bouda, but do no damage.
The gnoll bouda gazes fiercely through you!
You feel your attacks grow feeble.
The gnoll bouda hits you with a +0 whip!
* * * LOW HITPOINT WARNING * * *
The hobgoblin closely misses you.
You hit the gnoll bouda but do no damage.
The gnoll bouda is almost dead.
You constrict the gnoll bouda. The hobgoblin hits you.
* * * LOW HITPOINT WARNING * * *
The gnoll bouda hits you with a +0 whip.
* * * LOW HITPOINT WARNING * * *
You hit the gnoll bouda.
You feel better.
The gnoll bouda is almost dead.
You constrict the gnoll bouda, but do no damage.
The gnoll bouda hits you with a +0 whip.
You die...

## ###.## ####....##
##........# ##
###..)@....# ##.#
#....gg..###
###...##........#
#.#.##.........)###
##....(..........#
#...............#####
##...#...........##.##
.....#............#..#
.....................#


You could see a gnoll bouda and a hobgoblin.

Vanquished Creatures
  Natasha (twice) (D:3)
  8 gnolls
  5 adders
  2 worms (D:2)
  An orc (D:3)
  4 endoplasms
  4 giant cockroaches
  5 hobgoblins
  A ball python (D:3)
  A bat (D:1)
  2 frilled lizards
  7 goblins
  2 kobolds
  3 rats
47 creatures vanquished.

Notes
Turn   | Place    | Note
-------+----------+-------------------------------------------
     0 | D:1      | NullDivider the Octopode Venom Mage began the quest for the
                  | Orb.
     0 | D:1      | Reached XP level 1. HP: 11/11 MP: 3/3
   559 | D:1      | Reached XP level 2. HP: 17/17 MP: 5/5
   679 | D:2      | Found a faded altar of an unknown god.
   932 | D:2      | Reached XP level 3. HP: 21/21 MP: 4/6
   962 | D:2      | Reached skill level 1 in Short Blades
  1235 | D:2      | Reached XP level 4. HP: 8/27 MP: 7/7
  1469 | D:2      | Found a shimmering altar of Xom.
  2182 | D:3      | Noticed Natasha
  2194 | D:3      | Killed Natasha
  2195 | D:3      | Reached XP level 5. HP: 31/31 MP: 7/9
  2339 | D:3      | Found a radiant altar of Vehumet.
  2477 | D:3      | Noticed Natasha
  2491 | D:3      | Killed Natasha
  3044 | D:4      | Learned a level 2 spell: Poisonous Vapours
  3048 | D:4      | Learned a level 3 spell: Mephitic Cloud
  3052 | D:4      | Learned a level 3 spell: Swiftness
  3205 | D:4      | Slain by a gnoll bouda

Illustrated notes

Levels and vault maps discovered:
D:1:      heliophobic_arrival_henge, layout_loops_cross,
          grunt_decor_mini_mirrors
D:2:      layout_basic, basic_altar, chequers_ecumenical_altar_lobes
D:3:      minmay_wonky_spiral, layout_basic, lemuel_doored_altar, uniq_natasha
D:4:      layout_cave_pools, yredelemnul_forgotten_temple_becter,
          lemuel_tele_altar, minmay_temple_entry_sparse_star,
          cheibrodos_sewer_entry_bend

Skill      XL: |  1  2  3  4  5 |
---------------+----------------+-----
Stealth        | 3 4 |  4.4
Short Blades   | 1 2 |  2.1
Poison Magic   | 4 |  4.7
Dodging        | 3 |  3.1
Spellcasting   | 3 |  3.0
Transmutations | |  1.0
Air Magic      | |  0.3

Action                     |  1- 3 |  4- 6 || total
---------------------------+-------+-------++-------
  Melee: Dagger            |    31 |    55 ||    86
         Tentacles         |     6 |     9 ||    15
         Unarmed           |     1 |       ||     1
         Punch             |     1 |       ||     1
         Constrict         |     6 |    11 ||    17
   Cast: Sting             |    15 |    15 ||    30
         Poisonous Vapours |       |     8 ||     8
    Use: Scroll            |       |     2 ||     2
   Stab: Sleeping          |     5 |    10 ||    15
 Armour: Skin              |     2 |     5 ||     7
  Dodge: Dodged            |    16 |    28 ||    44
